[Event "ICC tourney 1979 (3 2)"]
[Site "Internet Chess Club"]
[Date "2020.08.28"]
[Round "2"]
[White "rcsong"]
[Black "strangerthingz"]
[Result "1-0"]
[ICCResult "Black resigns"]
[WhiteElo "1416"]
[BlackElo "1301"]
[Opening "English: three knights system"]
[ECO "A27"]
[NIC "EO.21"]
[Time "20:14:58"]
[TimeControl "180+2"]

1. c4 Nc6 2. Nc3 e5 3. Nf3 Bc5 4. e3 a6 5. Nxe5 Nxe5 6. d4 Bd6 7. dxe5 Bxe5
8. Be2 d6 9. O-O Nf6 10. f4 Bxc3 11. bxc3 O-O 12. Bf3 Re8 13. Qd4 h6 14. c5
dxc5 15. Qxc5 Qe7 16. Qb4 Qxb4 17. cxb4 c6 18. Re1 Bf5 19. Bb2 Ne4 20. Rad1
Rad8 21. g4 Rxd1 22. Rxd1 Bh7 23. Rd7 g5 24. f5 c5 25. Rxb7 cxb4 26. Rxb4
Nd2 27. Bd5 Kf8 28. Rb7 Bg8 29. f6 Nb1 30. Bd4 Rc8 31. Rxb1 Ke8 32. Rb7 Rd8
33. Re7+ Kf8 34. Bf3 Bh7 35. Bc5 Kg8 36. Bd5 Bg6 37. Bb3 Rc8 38. Bd4 Rc1+
39. Kg2 Rc8 40. Ra7 Be4+ 41. Kg3 Rc1 42. Kf2 Bg6 43. Rxa6 Rh1 44. Ra8+ Kh7
45. Kg2 Rc1 46. Kf2 Rc7 47. Rf8 Re7 48. fxe7 {Black resigns} 1-0

[Event "ICC tourney 1979 (3 2)"]
[Site "Internet Chess Club"]
[Date "2020.08.28"]
[Round "3"]
[White "sanjayselvam"]
[Black "stephenwilly"]
[Result "1-0"]
[ICCResult "Black resigns"]
[WhiteElo "1477"]
[BlackElo "1522"]
[Opening "Queen's pawn"]
[ECO "A40"]
[NIC "QO.17"]
[Time "20:25:50"]
[TimeControl "180+2"]

1. d4 e6 2. Bf4 d5 3. e3 Nf6 4. Nf3 c5 5. c3 Nc6 6. Nbd2 c4 7. Qc2 Bd6 8.
Bg3 a5 9. e4 dxe4 10. Nxe4 Nxe4 11. Qxe4 b5 12. Qxc6+ Kf8 13. Bxd6+ Kg8 14.
Qxa8 {Black resigns} 1-0

[Event "ICC tourney 1979 (3 2)"]
[Site "Internet Chess Club"]
[Date "2020.08.28"]
[Round "3"]
[White "chessrex"]
[Black "shrey16ultimate"]
[Result "1-0"]
[ICCResult "Black checkmated"]
[WhiteElo "1967"]
[BlackElo "1522"]
[Opening "Blackmar-Diemer gambit"]
[ECO "A45"]
[NIC "QP.07"]
[Time "20:25:55"]
[TimeControl "180+2"]

1. d4 Nf6 2. f3 d5 3. e4 dxe4 4. Nc3 exf3 5. Nxf3 Bf5 6. Ne5 Nbd7 7. Qf3
Bxc2 8. Qxb7 Nxe5 9. dxe5 Nd7 10. Bb5 Bf5 11. O-O Be6 12. Nd5 Bxd5 13. Qxd5
Rb8 14. Qxf7# {Black checkmated} 1-0

[Event "ICC tourney 1979 (3 2)"]
[Site "Internet Chess Club"]
[Date "2020.08.28"]
[Round "3"]
[White "aryababu25"]
[Black "AJRChess2011"]
[Result "0-1"]
[ICCResult "White resigns"]
[WhiteElo "1318"]
[BlackElo "1384"]
[Opening "King's Indian: 5.Nf3"]
[ECO "E90"]
[NIC "KI.21"]
[Time "20:25:53"]
[TimeControl "180+2"]

1. d4 Nf6 2. c4 g6 3. Nc3 Bg7 4. e4 d6 5. Nf3 O-O 6. Bd3 Nbd7 7. O-O c5 8.
d5 Nb6 9. a4 Nbd7 10. Be3 Ng4 11. Bd2 Nge5 12. Nxe5 Nxe5 13. Bc2 Nxc4 14. b3
Nxd2 15. Qxd2 Qa5 16. b4 cxb4 17. Nb5 Bxa1 18. Rxa1 a6 19. Ra3 axb5 20. Rh3
b3 21. Rc3 bxc2 22. Rxc2 Qxd2 23. Rxd2 Rxa4 {White resigns} 0-1

[Event "ICC tourney 1979 (3 2)"]
[Site "Internet Chess Club"]
[Date "2020.08.28"]
[Round "3"]
[White "Jeffchess"]
[Black "ab4gm"]
[Result "0-1"]
[ICCResult "White resigns"]
[WhiteElo "1299"]
[BlackElo "1381"]
[Opening "Giuoco Piano: four knights variation"]
[ECO "C46"]
[NIC "KP.06"]
[Time "20:26:00"]
[TimeControl "180+2"]

1. e4 e5 2. Nf3 Nc6 3. Nc3 Bc5 4. Bc4 Nf6 5. Bxf7+ Kxf7 6. Nxe5+ Nxe5 7. d4
Bxd4 8. Qxd4 Nc6 9. Qc4+ Ke8 10. Bg5 d6 11. O-O-O h6 12. Bh4 Ne5 13. Qe2 g5
14. Bg3 Bg4 15. f3 Bh5 16. Bxe5 Qe7 17. Bxf6 Qxf6 18. Nd5 Qf7 19. Qc4 Rc8
20. Rd3 c6 21. Qa4 b5 22. Qb3 cxd5 23. exd5 Qf4+ 24. Kb1 Qc4 25. Re1+ Kd7
26. Qa3 Qxc2+ 27. Ka1 Qc1+ {White resigns} 0-1

[Event "ICC tourney 1979 (3 2)"]
[Site "Internet Chess Club"]
[Date "2020.08.28"]
[Round "3"]
[White "Aadarsh99"]
[Black "stgummadi"]
[Result "1-0"]
[ICCResult "Black resigns"]
[WhiteElo "1308"]
[BlackElo "1113"]
[Opening "Queen's pawn game, Darooha variation "]
[ECO "D02"]
[NIC "QP.08"]
[Time "20:26:42"]
[TimeControl "180+2"]

1. d4 d5 2. Nf3 Nf6 3. g3 e6 4. Bg2 c5 5. O-O Nc6 6. e3 Be7 7. b3 O-O 8. Bb2
Bd7 9. Nbd2 a6 10. c4 dxc4 11. bxc4 b5 12. Rc1 b4 13. Ne5 Bd6 14. Nxc6 Bxc6
15. Bxc6 Rc8 16. Bg2 Bc7 17. Nf3 cxd4 18. exd4 Qe7 19. c5 Rfd8 20. Re1 a5
21. Qc2 Nd5 22. Ne5 Bxe5 23. Rxe5 Rd7 24. Rce1 Qf6 25. c6 Rdc7 26. Bxd5
{Black resigns}
1-0

[Event "ICC tourney 1979 (3 2)"]
[Site "Internet Chess Club"]
[Date "2020.08.28"]
[Round "3"]
[White "strangerthingz"]
[Black "ChessMonkey123"]
[Result "0-1"]
[ICCResult "White resigns"]
[WhiteElo "1230"]
[BlackElo "1343"]
[Opening "Giuoco Pianissimo: Italian four knights variation"]
[ECO "C50"]
[NIC "IG.02"]
[Time "20:26:06"]
[TimeControl "180+2"]

1. e4 e5 2. Nf3 Nc6 3. Bc4 Bc5 4. Nc3 Nf6 5. d3 h6 6. a3 d6 7. h3 a5 8. O-O
O-O 9. Qe2 Be6 10. Bxe6 fxe6 11. Be3 Bxe3 12. Qxe3 d5 13. exd5 exd5 14. Qe2
Re8 15. Rfe1 Qe7 16. Qd2 e4 17. dxe4 dxe4 18. Nd4 Nxd4 19. Qxd4 Rad8 20.
Qc4+ Qf7 21. Qa4 b6 22. Nxe4 Nxe4 23. Rxe4 Rxe4 24. Qxe4 Rd2 25. b3 Qxf2+
26. Kh1 Rxc2 27. Qe8+ Kh7 28. Qe4+ Kg8 29. Qe8+ Qf8 30. Qe6+ Qf7 31. Qe4
Qxb3 32. Rd1 g5 33. Qe8+ Kg7 34. Rd7+ Kf6 35. Qf7+ Qxf7 {White resigns} 0-1

[Event "ICC tourney 1979 (3 2)"]
[Site "Internet Chess Club"]
[Date "2020.08.28"]
[Round "3"]
[White "nbankulla"]
[Black "drberkley"]
[Result "0-1"]
[ICCResult "White forfeits on time"]
[WhiteElo "1194"]
[BlackElo "1493"]
[Opening "English opening"]
[ECO "A16"]
[NIC "EO.64"]
[Time "20:25:53"]
[TimeControl "180+2"]

1. c4 Nf6 2. Nc3 g6 3. e3 Bg7 4. Nge2 d6 5. g3 e5 6. Bg2 O-O 7. O-O Nc6 8.
d4 Re8 9. b3 e4 10. Bb2 Bf5 11. Qc2 Nb4 12. Qd2 Nd3 13. Rad1 c6 14. Nc1 Nxb2
15. Qxb2 Bg4 16. N1e2 Qd7 17. Rd2 c5 18. dxc5 Qf5 19. cxd6 Bf3 20. Bxf3 exf3
21. Nd4 Qg4 22. Rd3 Ne4 23. Nxe4 Rxe4 24. Qd2 Bxd4 25. exd4 Rxd4
{White forfeits on time}
0-1

[Event "ICC tourney 1979 (3 2)"]
[Site "Internet Chess Club"]
[Date "2020.08.28"]
[Round "3"]
[White "Kinawa"]
[Black "Anichess2009"]
[Result "1-0"]
[ICCResult "Black resigns"]
[WhiteElo "1560"]
[BlackElo "1329"]
[Opening "Pirc: Austrian attack"]
[ECO "B09"]
[NIC "PU.06"]
[Time "20:26:28"]
[TimeControl "180+2"]

1. e4 d6 2. d4 Nf6 3. Nc3 g6 4. f4 Bg7 5. Nf3 O-O 6. h3 Nc6 7. Be3 Nd7 8.
Bc4 e5 9. fxe5 dxe5 10. d5 Ne7 11. O-O c6 12. Qd2 cxd5 13. Nxd5 Nxd5 14.
Bxd5 Nb6 15. c4 Nxd5 16. cxd5 f6 17. Qb4 b6 18. Qb3 Ba6 19. Rfd1 Kh8 20.
Rac1 Rc8 21. Qa3 Rxc1 22. Rxc1 Be2 23. Qxa7 Bxf3 24. gxf3 f5 25. Rc7 Bf6 26.
Rxh7+ Kg8 27. Bxb6 {Black resigns} 1-0

[Event "ICC tourney 1979 (3 2)"]
[Site "Internet Chess Club"]
[Date "2020.08.28"]
[Round "3"]
[White "BillietheKid"]
[Black "kurohaze"]
[Result "1-0"]
[ICCResult "Black checkmated"]
[WhiteElo "1458"]
[BlackElo "1389"]
[Opening "French: Rubinstein variation"]
[ECO "C10"]
[NIC "FR.07"]
[Time "20:25:55"]
[TimeControl "180+2"]

1. e4 e6 2. d4 d5 3. Nc3 dxe4 4. Nxe4 Be7 5. c3 Nf6 6. Ng3 O-O 7. Nf3 c5 8.
Bd3 Nc6 9. O-O cxd4 10. cxd4 g6 11. Bh6 Re8 12. Be3 Nd5 13. Bh6 Bf8 14. Bxf8
Rxf8 15. Bc2 Qf6 16. Ne4 Qe7 17. Qd2 Rd8 18. Qh6 f6 19. Bb3 Bd7 20. h4 Qg7
21. Qd2 Kf8 22. h5 g5 23. Nc5 h6 24. Rfe1 Qf7 25. Nxb7 Rdb8 26. Nd6 Qxh5 27.
Bxd5 exd5 28. Qd3 Bg4 29. Re3 Bxf3 30. Rxf3 Kg7 31. Qf5 Rd8 32. Qxf6+ Kg8
33. Nf7 Rf8 34. Qh8# {Black checkmated} 1-0

[Event "ICC tourney 1979 (3 2)"]
[Site "Internet Chess Club"]
[Date "2020.08.28"]
[Round "3"]
[White "hursha6b5"]
[Black "VirginiaGuy"]
[Result "1-0"]
[ICCResult "Black forfeits on time"]
[WhiteElo "1600"]
[BlackElo "1326"]
[Opening "Petrov: classical attack"]
[ECO "C42"]
[NIC "RG.04"]
[Time "20:26:04"]
[TimeControl "180+2"]

1. e4 e5 2. Nf3 Nf6 3. Nxe5 d6 4. Nf3 Nxe4 5. d4 d5 6. Bd3 Nf6 7. O-O Be7 8.
Re1 O-O 9. Ne5 Nc6 10. c3 Be6 11. Bg5 h6 12. Bh4 Nxe5 13. dxe5 Nd7 14. Bg3
Re8 15. Nd2 Nf8 16. Nf3 c6 17. Nd4 Qb6 18. f4 Bc5 19. Kh1 Kh8 20. f5 Bc8 21.
Nb3 Bf2 22. Bxf2 Qxf2 23. Rf1 Qxb2 24. Qe1 Qa3 25. f6 g6 26. Qe3 Kh7 27. Rf3
Bg4 28. Rg3 Bh5 29. Rh3 {Black forfeits on time} 1-0

[Event "ICC tourney 1979 (3 2)"]
[Site "Internet Chess Club"]
[Date "2020.08.28"]
[Round "3"]
[White "PearsonH"]
[Black "UltimateDL"]
[Result "1-0"]
[ICCResult "Black checkmated"]
[WhiteElo "1371"]
[BlackElo "1319"]
[Opening "Queen's pawn, Mason variation"]
[ECO "D00"]
[NIC "QP.08"]
[Time "20:25:51"]
[TimeControl "180+2"]

1. d4 d5 2. Bf4 Nf6 3. e3 e6 4. c3 c5 5. Nd2 Nc6 6. Bd3 c4 7. Bc2 Qb6 8. b3
cxb3 9. axb3 Be7 10. Ngf3 O-O 11. Ne5 Nxe5 12. dxe5 Nd7 13. Nf3 Qc7 14. h4
Qxc3+ 15. Kf1 f6 16. Bxh7+ Kxh7 17. Ng5+ fxg5 18. hxg5+ Kg8 19. Rc1 Qb2 20.
Rb1 Qc3 21. Rc1 Qb4 22. Qh5 Qe4 23. g6 Qd3+ 24. Kg1 Qxg6 25. Qxg6 Rf7 26.
Qxe6 Nf6 27. Rxc8+ Rxc8 28. Qxc8+ Rf8 29. Qe6+ Rf7 30. exf6 Bxf6 31. Bd6 b5
32. Qe8+ Rf8 33. Qxf8# {Black checkmated} 1-0

[Event "ICC tourney 1979 (3 2)"]
[Site "Internet Chess Club"]
[Date "2020.08.28"]
[Round "3"]
[White "rcsong"]
[Black "Checkmatestone"]
[Result "1-0"]
[ICCResult "Black resigns"]
[WhiteElo "1422"]
[BlackElo "1389"]
[Opening "English: Mikenas-Carls variation"]
[ECO "A18"]
[NIC "EO.64"]
[Time "20:26:02"]
[TimeControl "180+2"]

1. c4 e6 2. Nc3 Nf6 3. e4 e5 4. Nf3 Nc6 5. d4 exd4 6. Nxd4 Bb4 7. Nxc6 bxc6
8. Bd3 O-O 9. O-O Re8 10. Re1 d5 11. exd5 Rxe1+ 12. Qxe1 cxd5 13. Qe5 Bd6
14. Qd4 Bxh2+ 15. Kxh2 Ng4+ 16. Kg1 Qh4 17. Bf4 Be6 18. Bg3 Qg5 19. cxd5 Bd7
20. Bxc7 Re8 21. Bf4 Qh4 22. Bg3 Qg5 23. Ne4 Qe7 24. f3 Nh6 25. Re1 Nf5 26.
Nf6+ Qxf6 27. Rxe8+ Bxe8 28. Qxf6 gxf6 29. Bxf5 Kf8 30. d6 {Black resigns}
1-0

[Event "ICC tourney 1979 (3 2)"]
[Site "Internet Chess Club"]
[Date "2020.08.28"]
[Round "3"]
[White "Snuffleupegus"]
[Black "EsatERGIN"]
[Result "0-1"]
[ICCResult "White checkmated"]
[WhiteElo "1496"]
[BlackElo "1678"]
[Opening "Réti: King's Indian attack"]
[ECO "A05"]
[NIC "QP.11"]
[Time "20:25:48"]
[TimeControl "180+2"]

1. Nf3 Nf6 2. g3 g6 3. Bg2 Bg7 4. O-O O-O 5. d3 d6 6. e4 c6 7. Nc3 e5 8. Ne1
Re8 9. f4 Nbd7 10. h3 b6 11. f5 Bb7 12. g4 d5 13. g5 Nh5 14. f6 Bf8 15. Bf3
Nf4 16. Bxf4 exf4 17. h4 Ne5 18. h5 dxe4 19. Bxe4 Bc5+ 20. Kh1 Qd7 21. Kh2
Ng4+ 22. Kg2 Ne3+ 23. Kf3 Qg4+ 24. Kf2 Qg3+ 25. Ke2 Nxf1 26. d4 Ne3 27. Qd3
Rad8 28. hxg6 Rxd4 29. gxh7+ Kh8 30. Rd1 Rxd3 31. Rxd3 Qxg5 32. Kd2 Ba6 33.
Rd7 Qxf6 34. b3 Bb4 35. Nf3 Qxc3+ 36. Kc1 Ba3+ 37. Kb1 Qb2# {White
checkmated} 0-1

[Event "ICC tourney 1979 (3 2)"]
[Site "Internet Chess Club"]
[Date "2020.08.28"]
[Round "3"]
[White "Viking21"]
[Black "challenger2010"]
[Result "0-1"]
[ICCResult "White checkmated"]
[WhiteElo "1496"]
[BlackElo "2022"]
[Opening "Sicilian: Alapin's variation (2.c3)"]
[ECO "B22"]
[NIC "SI.47"]
[Time "20:25:50"]
[TimeControl "180+2"]

1. e4 c5 2. c3 Nf6 3. e5 Nd5 4. d4 cxd4 5. cxd4 Nc6 6. Nc3 Nxc3 7. bxc3 d5
8. f4 Bf5 9. Nf3 e6 10. Be2 Be7 11. O-O h5 12. Bd3 Bxd3 13. Qxd3 g6 14. Bd2
Na5 15. Qb5+ Kf8 16. Rae1 b6 17. Bc1 Nc4 18. Ng5 Kg7 19. h4 Qe8 20. Qb1 Rc8
21. Qd3 Na5 22. Rf3 Nc6 23. Rg3 Bxg5 24. Rxg5 Ne7 25. Bd2 Nf5 26. Qh3 Qa4
27. g4 hxg4 28. Qxg4 Rxh4 29. Qg2 Rch8 30. Kf1 Rh1+ 31. Ke2 R1h2 32. Rg1
Rxg2+ 33. R1xg2 Rh1 34. Rg1 Rxg1 35. Rxg1 Qxa2 36. Kd3 a5 37. Rg4 a4 38. Rg1
Qb3 39. Rh1 a3 40. Rh2 a2 41. Rh1 Qb1+ 42. Rxb1 axb1=Q+ 43. Ke2 b5 44. Kf2
b4 45. cxb4 Nxd4 46. Be3 Qxb4 47. Kg3 Nf5+ 48. Kf2 Qb2+ 49. Kf3 Qb3 50. Kg2
Qxe3 51. Kf1 Qd2 52. Kg1 Ne3 53. Kh1 Qg2# {White checkmated} 0-1

[Event "ICC tourney 1979 (3 2)"]
[Site "Internet Chess Club"]
[Date "2020.08.28"]
[Round "3"]
[White "Baggs"]
[Black "NonnaThat"]
[Result "0-1"]
[ICCResult "White forfeits on time"]
[WhiteElo "1225"]
[BlackElo "1890"]
[Opening "Queen's pawn game"]
[ECO "A45"]
[NIC "QP.07"]
[Time "20:25:45"]
[TimeControl "180+2"]

1. d4 Nf6 2. Nc3 e6 3. Bf4 c5 4. e3 Qb6 5. Na4 Qa5+ 6. c3 cxd4 7. exd4 Nc6
8. b4 Nxb4 9. cxb4 Bxb4+ 10. Ke2 Qb5+ 11. Ke3 Nd5+ 12. Ke4 Qc6 13. Qc1 Qxa4
14. Kf3 Nxf4 15. Qxf4 O-O 16. g3 Qc6+ 17. Qe4 Qxe4+ 18. Kxe4 b6 19. Be2 Bb7+
20. Kd3 Bxh1 21. Nh3 Bc6 22. Nf4 Bb5+ 23. Ke3 Bxe2 24. Nxe2 a5 25. a4 Rac8
26. Nf4 Rc3+ 27. Ke4 d5+ 28. Ke5 Rc6 {White forfeits on time} 0-1

[Event "ICC tourney 1979 (3 2)"]
[Site "Internet Chess Club"]
[Date "2020.08.28"]
[Round "3"]
[White "Alec-hine"]
[Black "OctopusYule"]
[Result "1-0"]
[ICCResult "Black resigns"]
[WhiteElo "1763"]
[BlackElo "1533"]
[Opening "Trompowsky attack (Ruth, Opocenský opening)"]
[ECO "A45"]
[NIC "QP.07"]
[Time "20:25:53"]
[TimeControl "180+2"]

1. d4 Nf6 2. Bg5 Ne4 3. Bf4 d5 4. Nd2 Nxd2 5. Qxd2 e6 6. e3 Be7 7. Bd3 Nd7
8. Ne2 Nf6 9. h3 Bd7 10. c4 c6 11. O-O O-O 12. Rac1 a5 13. a3 Re8 14. Bh2 b5
15. cxb5 cxb5 16. Bc7 Qc8 17. Bxa5 Qb7 18. Bb4 Bxb4 19. Qxb4 Rec8 20. Nc3
Rab8 21. Rc2 h6 22. Rfc1 Qb6 23. Na2 Ne8 24. Rxc8 Rxc8 25. Rxc8 Bxc8 26. Nc3
Nc7 27. Nxb5 Na6 28. Qc3 Bd7 29. a4 Bxb5 30. Bxb5 Nc7 31. Qc6 Qa5 32. Kh2
Nxb5 33. Qxb5 Qd2 34. Qe8+ Kh7 35. Qxf7 Qxb2 36. Qxe6 Qxf2 37. Qe5 Qa2 38.
Qf5+ Kh8 39. Qd7 Qe2 40. Qe8+ Kh7 41. a5 Qa6 42. Qd8 h5 43. Qxd5 g6 44. Qf7+
Kh6 45. Qf4+ Kh7 46. Qe5 Kh6 47. e4 g5 48. Qc7 h4 49. Qb6+ Qxb6 50. axb6 Kg7
51. b7 Kf7 52. b8=Q Ke7 {Black resigns} 1-0

[Event "ICC tourney 1979 (3 2)"]
[Site "Internet Chess Club"]
[Date "2020.08.28"]
[Round "3"]
[White "auggie29"]
[Black "SuperBlueSky"]
[Result "0-1"]
[ICCResult "White forfeits on time"]
[WhiteElo "1278"]
[BlackElo "1343"]
[Opening "Queen's pawn, Mason variation, Steinitz counter-gambit"]
[ECO "D00"]
[NIC "QP.08"]
[Time "20:25:55"]
[TimeControl "180+2"]

1. d4 d5 2. Bf4 c5 3. c3 Nc6 4. Nf3 Nf6 5. e3 Qb6 6. Qb3 c4 7. Qc2 Bf5 8.
Qc1 h6 9. Nbd2 e6 10. b3 cxb3 11. axb3 Be7 12. Be2 O-O 13. O-O a6 14. c4
dxc4 15. bxc4 Rfc8 16. Qd1 Nb4 17. c5 Qd8 18. Nc4 Ne4 19. Nb6 Nc3 20. Qd2
Nxe2+ 21. Qxe2 Bd3 22. Qb2 Bxf1 23. Nxc8 Rxc8 24. Rxf1 Nd3 25. Qc3 Nxf4 26.
exf4 Bf6 27. Rd1 b6 28. Qc2 bxc5 29. dxc5 Qc7 30. Rc1 a5 31. g3 Qc6 32. Ne5
Bxe5 33. fxe5 a4 34. Qc3 Ra8 35. Rd1 a3 {White forfeits on time} 0-1

[Event "ICC tourney 1979 (3 2)"]
[Site "Internet Chess Club"]
[Date "2020.08.28"]
[Round "3"]
[White "blackjack721"]
[Black "ztraynor"]
[Result "1-0"]
[ICCResult "Black resigns"]
[WhiteElo "1322"]
[BlackElo "1183"]
[Opening "Caro-Kann: Panov-Botvinnik attack"]
[ECO "B13"]
[NIC "CK.03"]
[Time "20:26:06"]
[TimeControl "180+2"]

1. e4 c6 2. d4 d5 3. exd5 cxd5 4. c4 Nf6 5. Nc3 Nc6 6. c5 b6 7. Bb5 Bd7 8.
cxb6 axb6 9. Bf4 e6 10. Nge2 Bb4 11. O-O O-O 12. a3 Bxc3 13. Nxc3 Nh5 14.
Bd6 Ne7 15. Qxh5 Bxb5 16. Nxb5 g6 17. Qh6 Nf5 18. Qf4 Nxd6 19. Nxd6 Ra4 20.
b4 Qa8 21. Rfe1 Rxa3 22. Rxa3 Qxa3 23. h4 Qxb4 24. Re3 Qb1+ 25. Kh2 b5 26.
h5 b4 27. hxg6 Qxg6 28. Rg3 b3 29. Rxg6+ fxg6 30. Qg4 b2 31. Qxe6+ Kg7 32.
Qe7+ Kg8 33. Qe1 Rb8 34. Qb1 Rb6 35. Ne8 Kf7 36. Nc7 Rb4 37. Nxd5 Rxd4 38.
Ne3 Rd2 39. Kg3 Ke6 40. f4 Re2 41. f5+ gxf5 42. Nxf5 Ke5 43. Kh3 h5 44. Ng3
Rf2 45. Nxh5 Re2 46. Ng3 Re3 47. Qxb2+ Kf4 48. Qf2+ Rf3 49. Qxf3+
{Black resigns}
1-0

[Event "ICC tourney 1979 (3 2)"]
[Site "Internet Chess Club"]
[Date "2020.08.28"]
[Round "3"]
[White "oxdidi"]
[Black "jthebest"]
[Result "1-0"]
[ICCResult "Black checkmated"]
[WhiteElo "1131"]
[BlackElo "1127"]
[Opening "Two knights defense"]
[ECO "C58"]
[NIC "KP.01"]
[Time "20:25:58"]
[TimeControl "180+2"]

1. e4 e5 2. Nf3 Nc6 3. Bc4 Nf6 4. Ng5 d5 5. exd5 Na5 6. Bb5+ c6 7. dxc6 Nxc6
8. Ba4 Bc5 9. O-O O-O 10. Nc3 Bd7 11. Bb3 Qc7 12. Re1 Ng4 13. Rf1 h6 14. Nf3
Rae8 15. h3 Nf6 16. d3 Re7 17. Bd5 Qd6 18. Bxc6 Bxc6 19. Bd2 Re6 20. Qe2 Nh5
21. Ne4 Bxe4 22. dxe4 Rg6 23. Rad1 Qe6 24. Kh2 Nf4 25. Bxf4 exf4 26. Nh4 Rg5
27. Nf3 Rg6 28. Nh4 Rf6 29. e5 Rf5 30. Nxf5 Qxf5 31. Rd5 Be7 32. Qf3 Qxc2
33. Rd7 Re8 34. Rxb7 Qf5 35. Rd1 Qxe5 36. Rdd7 Kf8 37. Rxa7 Bd6 38. Rxf7+
Kg8 39. Rxg7+ Kh8 40. Rh7+ Kg8 41. Qg4+ Kf8 42. Raf7# {Black checkmated} 1-0

[Event "ICC tourney 1979 (3 2)"]
[Site "Internet Chess Club"]
[Date "2020.08.28"]
[Round "3"]
[White "clair"]
[Black "Snowzera"]
[Result "1-0"]
[ICCResult "Black forfeits on time"]
[WhiteElo "1265"]
[BlackElo "1292"]
[Opening "Queen's pawn, Mason variation"]
[ECO "D00"]
[NIC "QP.08"]
[Time "20:25:49"]
[TimeControl "180+2"]

1. d4 d5 2. Bf4 Bf5 3. e3 Nf6 4. c4 c6 5. Qb3 Qb6 6. c5 Qxb3 7. axb3 e6 8.
Nc3 Be7 9. Nf3 Nbd7 10. b4 O-O 11. b5 cxb5 12. Bxb5 b6 13. b4 bxc5 14. bxc5
Ne4 15. Nxe4 dxe4 16. Ne5 Nxe5 17. Bxe5 f6 18. Bg3 e5 19. O-O Rfb8 20. Bc4+
Kf8 21. Bd5 Rd8 22. Bxa8 Rxa8 23. Rfc1 exd4 24. exd4 a5 25. Bf4 g5 26. Be3
h5 27. h3 g4 28. hxg4 hxg4 29. g3 a4 30. d5 Kf7 31. d6 Bd8 32. Ra3 Ba5 33.
Kf1 Bb4 34. Raa1 a3 35. Rcb1 Bc3 36. Rb7+ Kg6 37. Ra2 Be6 38. Rc2 a2 39. Rc1
a1=Q 40. Rxa1 Bxa1 41. d7 Be5 42. c6 Kf5 43. Ke2 {Black forfeits on time}
1-0

[Event "ICC tourney 1979 (3 2)"]
[Site "Internet Chess Club"]
[Date "2020.08.28"]
[Round "3"]
[White "MIEMBR"]
[Black "QueenHM"]
[Result "1-0"]
[ICCResult "Black checkmated"]
[WhiteElo "1556"]
[BlackElo "1466"]
[Opening "King's Indian: fianchetto without c4"]
[ECO "A49"]
[NIC "QP.06"]
[Time "20:25:51"]
[TimeControl "180+2"]

1. d4 Nf6 2. Nf3 g6 3. g3 Bg7 4. Bg2 O-O 5. O-O d6 6. b3 Na6 7. Bb2 c5 8.
Qc1 cxd4 9. Nxd4 Rb8 10. Rd1 Nc5 11. c4 Bg4 12. h3 Bd7 13. Nc3 Qc8 14. Kh2
Bc6 15. Nxc6 bxc6 16. Qc2 Qe6 17. Bxc6 Rfc8 18. Bg2 a6 19. Rac1 Nh5 20. Bd5
Qf6 21. Rf1 e6 22. Bg2 e5 23. Nd5 Qe6 24. Qd2 f5 25. f4 Ne4 26. Bxe4 fxe4
27. fxe5 Bxe5 28. Rg1 Rf8 29. e3 Rf3 30. Bxe5 Qxe5 31. Nf4 Rf8 32. Rce1 g5
33. Qd5+ Qxd5 34. Nxd5 Rf2+ 35. Rg2 Rxg2+ 36. Kxg2 Nf6 37. Rd1 Kg7 38. Ne7
Rd8 39. Nf5+ Kg6 40. Rxd6 Rxd6 41. Nxd6 Nd7 42. Nxe4 Nc5 43. Nxc5 h5 44.
Nxa6 g4 45. hxg4 hxg4 46. c5 Kf5 47. c6 Ke4 48. Kf2 Kd3 49. c7 Kc2 50. c8=Q+
Kb2 51. Nb4 Ka3 52. Qc4 Kb2 53. Nd3+ Ka3 54. Qa4# {Black checkmated} 1-0

[Event "ICC tourney 1979 (3 2)"]
[Site "Internet Chess Club"]
[Date "2020.08.28"]
[Round "3"]
[White "JGroder"]
[Black "Chesschamp27"]
[Result "1-0"]
[ICCResult "Black checkmated"]
[WhiteElo "1475"]
[BlackElo "1473"]
[Opening "Sicilian: Najdorf, Byrne (English) attack"]
[ECO "B90"]
[NIC "SI.14"]
[Time "20:28:56"]
[TimeControl "180+2"]

1. e4 c5 2. Nf3 d6 3. d4 cxd4 4. Nxd4 Nf6 5. Nc3 a6 6. Be3 b5 7. a3 Bb7 8.
f3 e6 9. Qd2 Be7 10. O-O-O Nbd7 11. g4 O-O 12. h4 b4 13. axb4 a5 14. b5 a4
15. Nc6 Bxc6 16. bxc6 Ne5 17. Nb5 Nxf3 18. Qg2 Ne5 19. g5 Ne8 20. h5 Nc7 21.
Bb6 Rc8 22. Bxc7 Rxc7 23. Nxc7 Qxc7 24. Bb5 Nxc6 25. g6 fxg6 26. hxg6 h6 27.
Qh3 Nd8 28. Bxa4 Qa7 29. Qb3 Bg5+ 30. Kb1 Rf4 31. Rde1 d5 32. Qb5 dxe4 33.
Qe8+ Rf8 34. Qd7 Qb6 35. Rxe4 Bf6 36. Bb3 Kh8 37. Rxh6+ gxh6 38. Qh7#
{Black checkmated}
1-0

[Event "ICC tourney 1979 (3 2)"]
[Site "Internet Chess Club"]
[Date "2020.08.28"]
[Round "3"]
[White "weakfish"]
[Black "kushagra12"]
[Result "0-1"]
[ICCResult "White checkmated"]
[WhiteElo "1292"]
[BlackElo "1474"]
[Opening "Sicilian: Pelikan (Lasker/Sveshnikov) variation"]
[ECO "B33"]
[NIC "SI.35"]
[Time "20:26:09"]
[TimeControl "180+2"]

1. e4 c5 2. Nf3 Nc6 3. d4 cxd4 4. Nxd4 Nf6 5. Nc3 e5 6. Nf5 d6 7. a3 Nxe4 8.
Nxe4 Bxf5 9. Ng3 Bg6 10. Bc4 Be7 11. Bd3 Bxd3 12. Qxd3 O-O 13. Nf5 Bf6 14.
Qxd6 Qxd6 15. Nxd6 Nd4 16. Kd2 Rad8 17. Nxb7 Rd7 18. Nc5 Rd5 19. Nd3 e4 20.
c4 Rdd8 21. Nf4 Nb3+ 22. Ke3 Nxa1 23. Bd2 Nc2+ 24. Ke2 Bxb2 25. Rb1 Bxa3 26.
Rb7 Nd4+ 27. Ke1 g5 28. Nd5 Rfe8 29. Bxg5 Rd6 30. Nf6+ Rxf6 31. Bxf6 Nf5 32.
Rxa7 Bc5 33. Rc7 Bd6 34. Rd7 Bxh2 35. g3 e3 36. fxe3 Rxe3+ 37. Kd2 Re8 38.
c5 Bxg3 39. c6 Bf4+ 40. Kd3 Re3+ 41. Kc4 Nd6+ 42. Kc5 Ne4+ 43. Kb6 Nxf6 44.
c7 Nxd7+ 45. Kb7 Rb3+ 46. Kc6 Rc3+ 47. Kxd7 Rxc7+ 48. Ke8 h5 49. Kd8 h4 50.
Ke8 h3 51. Kd8 h2 52. Ke8 h1=Q 53. Kd8 Qd5+ 54. Ke8 Qd7# {White checkmated}
0-1

[Event "ICC tourney 1979 (3 2)"]
[Site "Internet Chess Club"]
[Date "2020.08.28"]
[Round "3"]
[White "cjcardoso"]
[Black "CastledQueen"]
[Result "1-0"]
[ICCResult "Black resigns"]
[WhiteElo "1440"]
[BlackElo "1500"]
[Opening "QP counter-gambit (elephant gambit)"]
[ECO "C40"]
[NIC "KP.10"]
[Time "20:26:30"]
[TimeControl "180+2"]

1. e4 e5 2. Nf3 d5 3. d3 Bd6 4. exd5 Nf6 5. Nc3 O-O 6. Be2 Re8 7. O-O c6 8.
Bg5 h6 9. Bxf6 Qxf6 10. Ne4 Qe7 11. dxc6 Nxc6 12. Nxd6 Qxd6 13. Re1 Bf5 14.
Nd2 Rad8 15. Nc4 Qc7 16. Bf3 Nd4 17. Be4 Be6 18. Nxe5 Kh8 19. Nf3 Nxc2 20.
Rc1 Rc8 21. d4 Bxa2 22. Qxc2 Qxc2 23. Rxc2 Rxc2 24. Bxc2 Rd8 25. Be4 Bc4 26.
Rc1 b5 27. b3 Bxb3 28. Rc7 a5 29. h4 Rb8 30. Rb7 Rxb7 31. Bxb7 a4 32. Bc6 a3
33. Nd2 Bc2 34. Bd5 b4 35. Ba2 Kg8 36. Kf1 Bd3+ 37. Ke1 Bc2 38. Ke2 Kf8 39.
Ke3 Ke7 40. d5 Kd6 41. Kd4 b3 42. Nxb3 f5 43. Nd2 g6 44. f4 g5 45. fxg5 hxg5
46. h5 f4 47. Nc4+ Kd7 48. Nxa3 Bh7 49. Nc4 g4 50. Ne5+ Kd6 51. Nxg4
{Black resigns}
1-0